 Dungeon Crawl Stone Soup version 0.27-a0-46-g34d46f0a3f (webtiles) character file.

Game seed: 16712524420460873032

44 Borgoz the Skirmisher (level 3, 0/33 HPs)
             Began as a Ghoul Abyssal Knight on Jan 7, 2021.
             Was a Follower of Lugonu.
             Killed from afar by Sigmund (10 damage)
             ... with a puff of flame
             ... on level 2 of the Dungeon.
             The game lasted 00:01:27 (1353 turns).

Borgoz the Skirmisher (Ghoul Abyssal Knight)        Turns: 1353, Time: 00:01:27

Health: 0/33       AC:  3    Str: 15    XL:     3   Next: 60%
Magic:  3/3        EV: 11    Int:  7    God:    Lugonu [*.....]
Gold:   93         SH:  2    Dex:  9    Spells: 2/2 levels left

rFire    . . .     SeeInvis .     - Unarmed
rCold    + . .     Faith    .   c - +0 buckler
rNeg     + + +     Spirit   .   a - +0 leather armour
rPois    ∞         Reflect  .   (no helmet)
rElec    .         Harm     .   (no cloak)
rCorr    .         Rampage  .   (no gloves)
Will     .....                  (no boots)
Stlth    +.........             (no amulet)
HPRegen  0.00/turn              (no ring)
MPRegen  0.08/turn              (no ring)

@: flying
A: claws 1, cold resistance 1, negative energy resistance 3, inhibited
regeneration, torment resistance, unbreathing
a: Renounce Religion, Depart the Abyss


You were on level 2 of the Dungeon.
You worshipped Lugonu.
Lugonu was aware of your devotion.
You visited 1 branch of the dungeon, and saw 2 of its levels.
You visited the Abyss 1 time.

You collected 93 gold pieces.

Inventory:

Armour
 a - a +0 leather armour (worn)
 c - a +0 buckler (worn)
Scrolls
 d - a scroll of blinking {unknown}
 f - a scroll of remove curse {unknown}
Potions
 g - a potion of brilliance


   Skills:
 + Level 3.6 Fighting
 + Level 2.2 Armour
 + Level 1.5 Dodging
 + Level 2.6 Unarmed Combat
 + Level 2.5 Invocations


You had 2 spell levels left.
You didn't know any spells.
Your spell library was empty.

Dungeon Overview and Level Annotations

Branches:
Dungeon (2/15)

Altars:

Annotations:
D:2 Sigmund


Innate Abilities, Weirdness & Mutations

You thrive by killing the living.
You are immune to poison.
You have sharp fingernails.
Your flesh is cold resistant. (rC+)
You are immune to negative energy. (rN+++)
You do not regenerate when monsters are visible.
You are immune to unholy pain and torment.
You can survive without breathing.


Message History

Sigmund is moderately wounded.
You block Sigmund's attack.
You scratch Sigmund but do no damage.
Sigmund is moderately wounded.
You scratch Sigmund.
Sigmund is heavily wounded.
Sigmund hits you with a +0 scythe.
You closely miss Sigmund.
Sigmund is heavily wounded.
Sigmund hits you with a +0 scythe!
It was a potion of berserk rage.
You cannot raise a blood rage in your lifeless body.
It was a potion of flight.
You feel very buoyant.
You fly up into the air.
Sigmund drinks a potion.
Sigmund is healed!
You barely miss Sigmund. Sigmund closely misses you.
You scratch Sigmund but do no damage. Sigmund gestures at you while chanting.
The puff of flame hits you!
You die...

.....# ###....#
......# #.....#
#.....# #####.....#
.....<.@..#
.########.#@#
........#.#.#
########.#.#.#
.......#.#.#.######
.......>†...........
.######..##.#.#######
.......<....#.#
########..###.#
.......<#


You could see Sigmund.

Vanquished Creatures
  An ooze (D:1)
  4 dart slugs (D:1)
  A leopard gecko (D:1)
  3 bats (D:1)
  2 giant cockroaches (D:1)
  A hobgoblin (D:1)
  4 jackals (D:1)
  2 kobolds (D:1)
  A quokka (D:2)
  A ball python (D:1)
  A frilled lizard (D:1)
  5 goblins (D:1)
  3 rats (D:1)
29 creatures vanquished.

Notes
Turn   | Place    | Note
-------+----------+-------------------------------------------
     0 | Abyss:1  | Borgoz the Ghoul Abyssal Knight began the quest for the
                  | Orb.
     0 | Abyss:1  | Reached XP level 1. HP: 19/19 MP: 1/1
    44 | Abyss:1  | Found a corrupted altar of Lugonu.
    58 | Abyss:1  | Found a corrupted altar of Lugonu.
   170 | Abyss:1  | Noticed a sixfirhy
   171 | D:1      | Escaped the Abyss
   257 | D:1      | Reached * piety under Lugonu
   265 | D:1      | Reached skill level 1 in Dodging
   328 | D:1      | Reached XP level 2. HP: 20/26 MP: 2/2
   667 | D:1      | Reached XP level 3. HP: 22/31 MP: 3/3
  1342 | D:2      | Noticed Sigmund
  1353 | D:2      | Killed from afar by Sigmund

Illustrated notes

Levels and vault maps discovered:
D:1:      ebering_trefoil_3fold, layout_rooms, minivault_26
D:2:      layout_basic, uniq_sigmund

Skill      XL: |  1 |
---------------+----+-----
Dodging        | 1 |  1.5
Armour         | 2 |  2.2
Fighting       | |  3.6
Unarmed Combat | |  2.6
Invocations    | |  2.5

Action                   || total
-------------------------++-------
Melee: Unarmed           ||   118
Invok: Depart the Abyss  ||     1
  Use: Potion            ||     2
       Scroll            ||     1
Armor: Leather armour    ||    38
Dodge: Dodged            ||    71
Block: Buckler           ||    17

Table legend: (Time is in decaauts)
 A = Elapsed time spent in this place.
 B = Non-inter-level travel time spent in this place.
 C = Inter-level travel time spent in this place.
 D = Time resting spent in this place.
 E = Time spent auto-exploring this place.
 F = Levels seen in this place.
 G = Mean time per level.
                   A        B        C        D        E       F      G
               +--------+--------+--------+--------+--------+-----+--------+
         Total |   1353 |   1332 |     21 |    449 |    647 |   3 |  451.0 |
       Dungeon |   1180 |   1159 |     21 |    449 |    478 |   2 |  590.0 |
         Abyss |    173 |    173 |      0 |      0 |    169 |   1 |  173.0 |
               +--------+--------+--------+--------+--------+-----+--------+

Top non-repeatable levels by time:
     D:1: 1132 daAuts
 Abyss:1: 173 daAuts
     D:2: 48 daAuts
